 Dungeon Crawl Stone Soup version 0.21.1-1-g345015fe64 (webtiles) character file.

810 Jannitor the Sneak (level 7, 0/34 HPs)
             Began as a Spriggan Air Elementalist on June 29, 2018.
             Was a Believer of Wu Jian.
             Shot with an arrow by a centaur (9 damage)
             ... on level 6 of the Dungeon.
             The game lasted 00:17:03 (5621 turns).

Jannitor the Sneak (Spriggan Air Elementalist)      Turns: 5621, Time: 00:17:03

Health: 0/34       AC: 12    Str:  5 (6)  XL:     7   Next: 61%
Magic:  15/15      EV: 21    Int: 19 (21) God:    Wu Jian [**....]
Gold:   352        SH:  0    Dex: 16 (17) Spells: 7/15 levels left

rFire    + . .     SeeInvis +   o - +4 dagger (vamp)
rCold    + . .     Gourm    .   (shield restricted)
rNeg     . . .     Faith    .   a - +0 robe
rPois    +         Spirit   .   (helmet restricted)
rElec    +         Reflect  .   t - +0 cloak
rCorr    +         Harm     .   (gloves unavailable)
MR       +....                  (boots unavailable)
Stlth    +++.......             (no amulet)
HPRegen  0.11/turn              x - +3 ring of protection
MPRegen  0.14/turn              (no ring)

@: brilliant, icy armour, resistant, hasted, very quick
A: very small, unfitting armour, see invisible, herbivore, speed 3, slow
metabolism 2
a: Wall Jump, Renounce Religion


You were on level 6 of the Dungeon.
You worshipped Wu Jian.
Wu Jian was pleased with you.
You were not hungry.

You visited 2 branches of the dungeon, and saw 7 of its levels.

You collected 352 gold pieces.

Inventory:

Hand Weapons
 o - a +4 vampiric dagger (weapon)
Armour
 a - a +0 robe (worn)
 t - a +0 cloak (worn)
Jewellery
 x - a +3 ring of protection (left hand)
Scrolls
 c - 2 scrolls of remove curse {unknown}
 f - 2 scrolls of random uselessness {unknown}
 h - 4 scrolls of teleportation {unknown}
 j - a scroll of immolation {unknown}
 k - 5 scrolls of identify
 n - a scroll of fog {unknown}
 s - a scroll of amnesia {unknown}
 u - a scroll of enchant armour {unknown}
Potions
 d - 2 potions of brilliance
 e - a potion of agility
 l - a potion of might
 m - 2 potions of flight
Books
 b - a book of Air

   Spells                             Type                      Level
   a - Shock                          Conjuration/Air              1
   b - Swiftness                      Charms/Air                   2
   c - Static Discharge               Conjuration/Air              3
   d - Airstrike                      Air                          4
   e - Lightning Bolt                 Conjuration/Air              5
 v - a book of Frost

   Spells                             Type                      Level
   a - Freeze                         Ice                          1
   b - Throw Frost                    Conjuration/Ice              2
   c - Ozocubu's Armour               Charms/Ice                   3
   d - Throw Icicle                   Conjuration/Ice              4
   e - Summon Ice Beast               Ice/Summoning                4
Comestibles
 q - 4 rations


   Skills:
 + Level 1.8 Fighting
 + Level 2.5 Short Blades
 + Level 5.7 Dodging
 + Level 6.1 Stealth
 + Level 4.9 Spellcasting
 - Level 1.9 Conjurations
 + Level 2.8 Charms
 + Level 4.1 Air Magic


You had 7 spell levels left.
You knew the following spells:

 Your Spells              Type           Power        Failure   Level  Hunger
a - Shock                 Conj/Air       ####         1%          1    None
b - Ozocubu's Armour      Chrm/Ice       ###.....     2%          3    ##.....
c - Airstrike             Air            ####......   2%          4    ####...


Dungeon Overview and Level Annotations

Branches:
Dungeon (6/15)             Temple (1/1) D:4

Altars:
Cheibriados
Elyvilon
Fedhas
Gozag
Kikubaaqudgha
Makhleb
Nemelex Xobeh
Qazlal
Ru
Trog
Uskayaw
Vehumet
Wu Jian
Xom
The Shining One

Shops:
D:6 ?

Annotations:
D:4 Vinski's ghost, amateur OpFE
D:5 gorpus's ghost, novice VSWr


Innate Abilities, Weirdness & Mutations

You are very small and have problems with some larger weapons.
You are too small for most types of armour.
You have supernaturally acute eyesight. (SInv)
You are a herbivore.
You cover ground extremely quickly.
You need consume almost no food.


Message History

A film of ice covers your body!
The centaur shoots an arrow.
The arrow misses you.
You feel better.
You have no room to wall jump there.
It was a potion of resistance.
You feel protected.
The centaur shoots an arrow.
The arrow completely misses you.
The centaur shoots an arrow.
The arrow misses you.
It was a potion of haste.
You feel yourself speed up.
The centaur shoots an arrow.
The arrow hits you.
* * * LOW HITPOINT WARNING * * *
x2 You hear a shout!
It was a potion of degeneration.
There was something very wrong with that liquid.
You feel weakened.
You feel dopey.
You feel clumsy.
The centaur shoots an arrow.
The arrow misses you.
It was a potion of magic.
Magic courses through your body.
The centaur shoots an arrow.
The arrow closely misses you.
The centaur shoots an arrow.
The arrow hits you!
You die...

.# #..#######. ###..
#....Y.....
#.......######.######+##
..............#
............##
#...#######.# #... #.#
.######∩########.#
.##..).oc(.(.@.(.#
##.##.###o##########
#...#.##(o.c....#
##......o.#.####.#
...o.###o.#.# <....#
#..#.# )....# #.##.#
##.!.....# .# #...#.###
.#


You could see an orc warrior, a centaur and an orc wizard.

Vanquished Creatures
  An orc warrior (D:6)
  A sky beast (D:6)
  2 ogres
  Blork the orc (D:6)
  2 scorpions
  A hound (D:4)
  An orc priest (D:6)
  Jessica (D:2)
  2 worker ants (D:4)
  Robin (D:2)
  6 adders
  A shadow imp (D:5)
  An ooze (D:2)
  3 worms (D:2)
  10 orcs
  3 ball pythons
  11 bats
  2 giant cockroaches
  9 goblins
  7 hobgoblins
  2 jackals (D:1)
  7 kobolds
  2 quokkas
  2 frilled lizards
  2 jackal skeletons
  9 rats
90 creatures vanquished.

Notes
Turn   | Place    | Note
-------+----------+-------------------------------------------
     0 | D:1      | Jannitor the Spriggan Air Elementalist began the quest for the Orb.
     0 | D:1      | Reached XP level 1. HP: 9/9 MP: 5/5
   193 | D:1      | Reached XP level 2. HP: 13/13 MP: 3/6
   394 | D:1      | Reached skill level 1 in Conjurations
  1189 | D:2      | Reached XP level 3. HP: 10/16 MP: 2/8
  1769 | D:2      | Reached skill level 4 in Stealth
  1932 | D:2      | Reached XP level 4. HP: 21/21 MP: 1/10
  1944 | D:2      | Noticed Robin
  2428 | D:2      | Killed Robin
  2501 | D:2      | Found a faded altar of an unknown god.
  2515 | D:2      | Became a worshipper of the Wu Jian Council
  2515 | D:2      | Reached * piety under Wu Jian
  2584 | D:2      | Noticed Jessica
  2589 | D:2      | Killed Jessica
  2689 | D:3      | Reached XP level 5. HP: 24/24 MP: 11/11
  2770 | D:3      | Found an opulent altar of Gozag.
  3026 | D:3      | Found a radiant altar of Vehumet.
  3361 | D:4      | Found a staircase to the Ecumenical Temple.
  3638 | D:4      | Noticed an ogre
  3649 | D:4      | Killed an ogre
  3649 | D:4      | Reached skill level 1 in Short Blades
  3649 | D:4      | Reached XP level 6. HP: 29/29 MP: 5/13
  3708 | D:4      | Learned a level 3 spell: Ozocubu's Armour
  3756 | D:4      | Noticed Vinski's ghost (amateur OpFE)
  3791 | D:4      | Learned a level 4 spell: Airstrike
  3843 | Temple   | Entered the Ecumenical Temple
  4036 | D:5      | Entered Level 5 of the Dungeon
  4126 | D:5      | Reached skill level 5 in Stealth
  4194 | D:5      | Noticed gorpus's ghost (novice VSWr)
  4241 | D:4      | Reached skill level 1 in Fighting
  4310 | D:4      | Found a snail-covered altar of Cheibriados.
  4342 | D:4      | Reached skill level 1 in Charms
  4434 | D:4      | Reached ** piety under Wu Jian
  4434 | D:4      | Reached skill level 5 in Dodging
  4940 | D:6      | Noticed Blork the orc
  4945 | D:6      | Killed Blork the orc
  4950 | D:6      | Noticed an orc warrior
  5199 | D:6      | Reached XP level 7. HP: 33/33 MP: 6/14
  5502 | D:6      | Reached skill level 6 in Stealth
  5599 | D:6      | Found Teucw's Magic Scroll Shop.
  5621 | D:6      | Shot with an arrow by a centaur

Skill      XL: |  1  2  3  4  5  6  7 |
---------------+----------------------+-----
Spellcasting   | 3 4 |  4.9
Conjurations   | 1 |  1.9
Air Magic      | 3 4 |  4.1
Stealth        | 4 5 6 |  6.1
Dodging        | 4 5 |  5.7
Short Blades   | 1 2 |  2.5
Fighting       | 1 |  1.8
Charms         | 2 |  2.8

Action                   |  1- 3 |  4- 6 |  7- 9 || total
-------------------------+-------+-------+-------++-------
Melee: Unarmed           |     6 |     3 |       ||     9
       Dagger            |       |   153 |    49 ||   202
 Cast: Shock             |    87 |    55 |     1 ||   143
       Airstrike         |       |     1 |       ||     1
       Ozocubu's Armour  |       |       |     1 ||     1
Invok: Lunge             |       |    15 |    16 ||    31
       Whirlwind         |       |    15 |    13 ||    28
       Wall Jump         |       |     2 |       ||     2
  Use: Potion            |       |     5 |     6 ||    11
       Scroll            |       |       |     1 ||     1
 Stab: Sleeping          |       |    11 |     2 ||    13
  Eat: Ration            |       |     4 |       ||     4
Armor: Robe              |     6 |     8 |     7 ||    21
Dodge: Dodged            |    32 |   167 |    40 ||   239
